 Dungeon Sprint DCSS version 0.28-a0-730-g892d06dc2c (webtiles) character file.

Game seed: 9518737724205671662

7 Rocko1345 the Skirmisher (level 1, -4/19 HPs)
             Began as a Demonspawn Berserker on Oct 28, 2021.
             Was a Follower of Trog.
             Slain by a worm (8 damage)
             ... in the Dungeon (Sprint II: "The Violet Keep of Menkaure").
             The game lasted 00:00:20 (25 turns).

Rocko1345 the Skirmisher (Demonspawn Berserker)       Turns: 25, Time: 00:00:21

Health: -4/19      AC:  2    Str: 17    XL:     1   Next: 83%
Magic:  1/1        EV: 12    Int:  8    God:    Trog [*.....]
Gold:   0          SH:  0    Dex: 12    Spells: 0/0 levels left

rFire   . . .      SeeInvis .   a - +0 falchion
rCold   . . .      Faith    .   (no shield)
rNeg    . . .      Spirit   .   b - +0 animal skin
rPois   .          Reflect  .   (no helmet)
rElec   .          Harm     .   (no cloak)
rCorr   .          Rampage  .   (no gloves)
Will    .....      NoTele   +   (no boots)
Stlth   +.........              (no amulet)
HPRegen 0.06/turn               (no ring)
MPRegen 0.07/turn               (no ring)

@: on berserk cooldown, slowed, very slow
A: no striking features
a: Renounce Religion, Berserk


You were in the Dungeon.
You worshipped Trog.
Trog was aware of your devotion.
You visited 1 branch

Inventory:

Hand Weapons
 a - a +0 falchion (weapon)
Armour
 b - a +0 animal skin (worn)
Scrolls
 h - a scroll of blinking
Potions
 c - a potion of curing
 d - a potion of heal wounds
 e - a potion of haste
 f - 2 potions of magic
 g - a potion of berserk rage


   Skills:
 + Level 3.7 Fighting
 + Level 3.5 Long Blades
 + Level 2.1 Armour
 + Level 2.0 Dodging


You couldn't memorise any spells.
You didn't know any spells.
Your spell library was empty.

Dungeon Overview and Level Annotations

Branches:
Dungeon (1/1)

Altars:


Message History

You barely miss the worm.
The worm is heavily wounded.
The worm barely misses you.
You slash the worm!
The worm is almost dead.
The worm closely misses you.
You barely miss the worm.
The worm is almost dead.
The worm bites you.
You hit the worm but do no damage.
The worm is almost dead.
The worm bites you.
You barely miss the worm.
The worm is severely wounded.
The worm bites you!
Ouch! That really hurt!
* * * LOW HITPOINT WARNING * * *
You hit the worm but do no damage.
The worm is severely wounded.
The worm closely misses you.
You slash the worm!
You kill the worm!
Trog accepts your kill.
Your Dodging skill increases to level 2!
You hit the worm.
The worm is moderately wounded.
The worm misses you.
You hit the worm.
The worm is moderately wounded.
The worm closely misses you.
You hit the worm.
The worm is moderately wounded.
The worm closely misses you.
You barely miss the worm.
The worm is moderately wounded.
The worm misses you.
You hit the worm.
The worm is moderately wounded.
The worm bites you!
You die...

## ##.#
#+#
#...##.##
#w@<.+
#.##.##
#.# #+#
##


You could see a worm.

Vanquished Creatures
  2 worms (D)
2 creatures vanquished.

Notes
Turn   | Place    | Note
-------+----------+-------------------------------------------
     0 | D        | Rocko1345 the Demonspawn Berserker began the quest for the
                  | Orb.
     0 | D        | Reached XP level 1. HP: 18/18 MP: 1/1
    25 | D        | Slain by a worm

Illustrated notes

Levels and vault maps discovered:
D:        the_violet_keep_of_menkaure [sprint2_stairs_cluster_1,
          sprint2_shoproom, sprint2_temple, sprint2_basic_supplies,
          sprint2_obstacle_4, sprint2_obstacle_6, sprint2_obstacle_5,
          sprint2_obstacle_3, sprint2_obstacle_1, sprint2_timed_cluster_1,
          sprint2_smallroom_cluster_1, sprint2_smallroom_final_cluster_1,
          sprint2_transparent_cluster_1, sprint2_second_timed_cluster_1,
          sprint2_sniper_area_1, sprint2_heavy_combat_area_1,
          sprint2_mutation_trap_area_1, sprint2_forest_area_1,
          sprint2_light_combat_area_1, sprint2_behind_water_1,
          sprint2_near_end_vault_1]

Skill      XL: |  1 |
---------------+----+-----
Long Blades    | 3 |  3.5
Armour         | 2 |  2.1
Dodging        | 2 |  2.0
Fighting       | |  3.7

Action                   || total
-------------------------++-------
Melee: Falchion          ||    17
Invok: Berserk           ||     1
Dodge: Dodged            ||    11

Table legend: (Time is in decaauts)
 A = Elapsed time spent in this place.
 B = Non-inter-level travel time spent in this place.
 C = Inter-level travel time spent in this place.
 D = Time resting spent in this place.
 E = Time spent auto-exploring this place.
 F = Levels seen in this place.
 G = Mean time per level.
                   A        B        C        D        E       F      G
               +--------+--------+--------+--------+--------+-----+--------+
         Total |     31 |     31 |      0 |      0 |      0 |   1 |   31.0 |
       Dungeon |     31 |     31 |      0 |      0 |      0 |   1 |   31.0 |
               +--------+--------+--------+--------+--------+-----+--------+

Top non-repeatable levels by time:
       D: 31 daAuts
